 Dungeon Crawl Stone Soup version 0.22-a0-571-g4a923d4 (webtiles) character file.

1286 gmonis the Basher (level 8, -3/64 HPs)
             Began as a Minotaur Berserker on July 1, 2018.
             Was a Priest of Trog.
             Killed by divine providence
             ... invoked by a meliai
              (12 damage)
             ... on level 6 of the Dungeon.
             The game lasted 00:10:29 (6184 turns).

gmonis the Basher (Minotaur Berserker)              Turns: 6184, Time: 00:10:31

Health: -3/64      AC:  9    Str: 22    XL:     8   Next: 30%
Magic:  7/7        EV:  8    Int:  4    God:    Trog [***...]
Gold:   333        SH:  3    Dex: 12    Spells: 7/7 levels left

rFire    . . .     SeeInvis .   D - +2 mace (holy)
rCold    . . .     Gourm    .   H - +0 buckler
rNeg     . . .     Faith    .   x - +0 chain mail
rPois    .         Spirit   .   (helmet restricted)
rElec    .         Reflect  .   (no cloak)
rCorr    .         Harm     .   (no gloves)
MR       .....                  (no boots)
Stlth    ..........             (no amulet)
HPRegen  0.20/turn              (no ring)
MPRegen  0.10/turn              (no ring)

@: lethally poisoned (-3 -> -24)
A: retaliatory headbutt, horns 2
a: Berserk, Trog's Hand, Renounce Religion


You were on level 6 of the Dungeon.
You worshipped Trog.
Trog was most pleased with you.
You were not hungry.

You visited 1 branch of the dungeon, and saw 6 of its levels.
You also visited: Sewer.

You collected 333 gold pieces.

Inventory:

Hand Weapons
 a - a +0 mace
 D - a +2 mace of holy wrath (weapon)
Missiles
 d - 90 stones (quivered)
Armour
 b - a +0 animal skin
 x - a +0 chain mail (worn)
 H - a +0 buckler (worn)
Jewellery
 k - an uncursed ring of ice {unknown}
Wands
 y - a wand of iceblast (7)
 A - a wand of disintegration (15)
 C - a wand of clouds (5)
 E - a wand of paralysis (13)
 F - a wand of scattershot (6)
Scrolls
 f - 4 scrolls of amnesia {unknown}
 g - 3 scrolls of magic mapping {unknown}
 h - 2 scrolls of blinking {unknown}
 j - 6 scrolls of teleportation {unknown}
 n - 5 scrolls of identify {unknown}
 o - 6 scrolls of remove curse {unknown}
 p - a scroll of enchant armour {unknown}
 s - 2 scrolls of fog {unknown}
 v - a scroll of immolation {unknown}
 B - a scroll of enchant weapon {unknown}
 G - a scroll of vulnerability {unknown}
Potions
 e - 3 potions of might {unknown}
 i - 2 potions of curing {unknown}
 l - a potion of brilliance {unknown}
 m - 5 potions of degeneration {unknown}
 q - a potion of agility {unknown}
 r - a potion of haste {unknown}
 t - a potion of heal wounds {unknown}
 u - 2 potions of flight {unknown}
 w - a potion of berserk rage {unknown}
 z - a potion of mutation {unknown}
Comestibles
 c - 18 rations
 I - 2 chunks of flesh


   Skills:
 - Level 3.6 Fighting
 * Level 11.6 Maces & Flails
 + Level 4.6 Armour
 - Level 2.1 Dodging
 + Level 0.3 Shields


You had 7 spell levels left.
You didn't know any spells.
Your spell library was empty.

Dungeon Overview and Level Annotations

Branches:
Dungeon (6/15)
 Temple: D:4-7

Altars:
Dithmenos
Fedhas
Kikubaaqudgha
Okawaru
Ru

Shops:
D:5 :(


Innate Abilities, Weirdness & Mutations

You reflexively headbutt those who attack you in melee.
You have a pair of horns on your head.


Message History

The meliai is moderately wounded.
The meliai completely misses you. You furiously retaliate!
You headbutt the meliai! The meliai stings you.
You are poisoned.
The meliai poisons you!
You miss the meliai.
The meliai is almost dead.
You feel sick. You block the meliai's attack. The meliai stings you.
You are lethally poisoned!
The meliai poisons you!
The meliai calls down the wrath of its god upon you.
Something smites you!
* * * LOW HITPOINT WARNING * * *
You closely miss the meliai.
The meliai is almost dead.
* * * LOW HITPOINT WARNING * * *
You feel sick.
The meliai invokes the aid of its god against you.
Something smites you!
You die...

#.##.##.##≈PPP≈#≈≈.≈≈#≈#
#.......##.P.P.#≈/?.≈#†# #
####.#####.....#).≈≈.#≈# #
#.#...# #≈P.P.#≈# # #.#.###
#.....#.###### # #.#.##..####
#.#....# # #....##..≈≈≈##+
##.#.##.#####
###.#######≈y.####≈##.##......
#.##.##.###@.≈≈≈##..........
#.........#######.#.##......
#####.##...........#.##.#####
#.....########..........# #
#.##### #.###.#.#### # #.#
#.###.#.# # #.# #.....#.# ###
#.# ###############.# #..
#.####...............# #.#


You could see a meliai.

Vanquished Creatures
  Grinder (D:3)
  A water moccasin (D:6)
  A phantom (D:5)
  An ogre (D:4)
  3 scorpions (D:5)
  A howler monkey (D:4)
  A bullfrog zombie (D:5)
  A crimson imp (D:6)
  An orc priest (D:4)
  A jelly (D:6)
  An orc wizard (D:4)
  Jessica (D:3)
  An iguana (D:5)
  7 worker ants
  A hound skeleton (D:4)
  Robin (D:3)
  2 river rats (Sewer)
  7 adders
  An ooze (D:5)
  2 worms
  4 dart slugs
  3 leopard geckos
  9 orcs
  4 giant cockroaches
  11 goblins
  8 hobgoblins
  12 jackals
  11 kobolds
  A quokka (D:3)
  6 ball pythons
  9 bats
  10 frilled lizards
  10 rats
134 creatures vanquished.

Notes
Turn   | Place    | Note
-------+----------+-------------------------------------------
     0 | D:1      | gmonis the Minotaur Berserker began the quest for the Orb.
     0 | D:1      | Reached XP level 1. HP: 19/19 MP: 0/0
    83 | D:1      | Reached skill level 4 in Maces & Flails
   137 | D:1      | Reached XP level 2. HP: 26/26 MP: 1/1
   368 | D:1      | Reached skill level 5 in Maces & Flails
   826 | D:2      | Found an iron altar of Okawaru.
   838 | D:2      | Reached XP level 3. HP: 31/31 MP: 2/2
  1318 | D:2      | Reached ** piety under Trog
  1600 | D:2      | Reached skill level 6 in Maces & Flails
  1600 | D:2      | Reached XP level 4. HP: 39/39 MP: 3/3
  1639 | D:2      | Found a blossoming altar of Fedhas.
  2286 | D:3      | Noticed Robin
  2591 | D:3      | Noticed Grinder
  2601 | D:3      | Killed Grinder
  2601 | D:3      | Reached skill level 8 in Maces & Flails
  2601 | D:3      | Reached XP level 5. HP: 12/45 MP: 4/4
  2601 | D:3      | Reached XP level 6. HP: 14/51 MP: 5/5
  3025 | D:3      | Noticed Jessica
  3031 | D:3      | Killed Jessica
  3198 | D:3      | Killed Robin
  3462 | D:4      | Reached skill level 9 in Maces & Flails
  3575 | D:4      | Reached *** piety under Trog
  3653 | D:4      | Reached XP level 7. HP: 30/57 MP: 6/6
  3669 | D:4      | Found a glowing drain.
  3689 | Sewer    | Entered a sewer
  4313 | D:4      | Reached skill level 10 in Maces & Flails
  4553 | D:4      | Found a sacrificial altar of Ru.
  4834 | D:5      | Entered Level 5 of the Dungeon
  4955 | D:5      | Found an ancient bone altar of Kikubaaqudgha.
  5156 | D:5      | Found a shadowy altar of Dithmenos.
  5161 | D:5      | Found Zajeos's Antique Weapon Emporium.
  5187 | D:5      | Found Hopputum's Book Shop.
  5207 | D:5      | Reached skill level 11 in Maces & Flails
  5264 | D:5      | Reached XP level 8. HP: 64/64 MP: 7/7
  6177 | D:6      | Noticed a meliai
  6184 | D:6      | Killed from afar by a meliai

Vault maps used:
D:1:      saegor_arrival_simple_d
D:2:      okawaru_gym_becter, lemuel_crystal_altar, first_ration
D:3:      mrwooster_statue_mirror, hex_tiny, uniq_grinder, uniq_robin,
          uniq_jessica
D:4:      nicolae_overflow_hidden_temple, cheibrodos_sewer_entry_drain,
          supply_closet_lemuel
D:5:      nicolae_overflow_crystal_walls, serial_shops, shop_fountains,
          shop_fountains, grunt_dithmenos_smoke
D:6:      cheibrodos_two_vegetables, vehumet_crystals, led_sif_pool
Sewer:    sewer_co_cracked_pipes

Skill      XL: |  1  2  3  4  5  6  7  8 |
---------------+-------------------------+-----
Maces & Flails | 4 5 6 8 9 11 | 11.6
Armour         | 3 4 |  4.6
Fighting       | |  3.6
Dodging        | |  2.1
Shields        | |  0.3

Action                   |  1- 3 |  4- 6 |  7- 9 || total
-------------------------+-------+-------+-------++-------
Melee: Mace              |    92 |   120 |   141 ||   353
       Headbutt          |     8 |    22 |    25 ||    55
Invok: Berserk           |       |     4 |       ||     4
 Stab: Distracted        |       |       |     1 ||     1
       Sleeping          |       |       |     1 ||     1
  Eat: Chunk             |     2 |     8 |     7 ||    17
       Ration            |       |       |     1 ||     1
Armor: Animal skin       |    24 |    16 |     5 ||    45
       Chain mail        |       |       |    37 ||    37
Dodge: Dodged            |    86 |    74 |    58 ||   218
Block: Buckler           |       |       |     3 ||     3

Table legend:
 A = Spawn XP
 B = Non-spawn XP
 C = Spawn XP percentage of total XP
 D = Spawn monster count
 E = Non-spawn monster count
 F = Spawn count percentage of total count
 G = Total turns spent on level
                    A         B        C        D         E        F      G
               +---------+---------+-------+---------+---------+-------+---------
         Total |       0 |    1838 |   0.0 |       0 |     134 |   0.0 |  6184
               +---------+---------+-------+---------+---------+-------+---------
           D:1 |       0 |      40 |   0.0 |       0 |      21 |   0.0 |   817
           D:2 |       0 |      61 |   0.0 |       0 |      21 |   0.0 |  1105
           D:3 |       0 |     414 |   0.0 |       0 |      32 |   0.0 |  1506
           D:4 |       0 |     425 |   0.0 |       0 |      25 |   0.0 |   842
           D:5 |       0 |     470 |   0.0 |       0 |       9 |   0.0 |   720
           D:6 |       0 |     370 |   0.0 |       0 |       8 |   0.0 |   630
         Sewer |       0 |      58 |   0.0 |       0 |      18 |   0.0 |   564
               +---------+---------+-------+---------+---------+-------+---------
